 Dungeon Crawl Stone Soup version 0.26-a0-940-gf7e0b5f775 (webtiles) character file.

Game seed: 3643674630146429980

2703 mhtbhm the Blocker (level 9, -12/54 HPs)
             Began as a Gargoyle Fighter on Nov 27, 2020.
             Was a Priest of Okawaru.
             Mangled by a white ugly thing (23 damage)
             ... on level 8 of the Dungeon.
             The game lasted 00:08:40 (6691 turns).

mhtbhm the Blocker (Gargoyle Fighter)               Turns: 6691, Time: 00:08:41

Health: -12/54     AC: 24    Str: 30    XL:     9   Next: 65%
Magic:  9/9        EV: 10    Int:  8    God:    Okawaru [***...]
Gold:   384        SH: 18    Dex:  9    Spells: 8/8 levels left

rFire    . . .     SeeInvis .   a - +1 whip (elec)
rCold    . . .     Faith    .   c - +1 kite shield
rNeg     + + .     Spirit   .   b - +5 scale mail of Grim Divine Compulsion {Rampage}
rPois    ∞         Reflect  +   o - +0 helmet
rElec    +         Harm     .   q - +0 cloak
rCorr    .         Rampage  +   e - +1 pair of gloves
MR       .....                  (no boots)
Stlth    ..........             l - amulet of reflection
HPRegen  0.18/turn              i - +6 ring of strength
MPRegen  0.11/turn              t - ring of positive energy

@: no status effects
A: negative energy resistance 1, electricity resistance, unbreathing,
petrification resistance, rot immunity, AC +6
a: Heroism, Renounce Religion


You were on level 8 of the Dungeon.
You worshipped Okawaru.
Okawaru was most pleased with you.
You visited 1 branch of the dungeon, and saw 8 of its levels.

You collected 384 gold pieces.

Inventory:

Hand Weapons
 a - a +1 whip of electrocution (weapon)
Missiles
 f - 3 curare-tipped darts
Armour
 b - the +5 scale mail of Grim Divine Compulsion (worn) {Rampage}
   (You found it on level 6 of the Dungeon)

   It bestows one free step when moving towards enemies.
 c - a +1 kite shield (worn)
 e - a +1 pair of gloves (worn)
 o - a +0 helmet (worn)
 q - a +0 cloak (worn)
Jewellery
 i - a +6 ring of strength (left hand)
 l - an amulet of reflection (around neck)
 t - a ring of positive energy (right hand)
Wands
 w - a wand of digging (3)
Scrolls
 n - 3 scrolls of remove curse
 p - a scroll of amnesia
 r - 2 scrolls of enchant weapon
 s - 3 scrolls of fog
 u - a scroll of immolation {unknown}
 y - a scroll of teleportation
Potions
 g - 3 potions of mutation
 h - 3 potions of haste
 j - 2 potions of curing
 m - a potion of invisibility


   Skills:
 + Level 5.4 Fighting
 + Level 7.1 Maces & Flails
 + Level 0.5 Throwing
 + Level 7.2 Armour
 + Level 3.2 Dodging
 - Level 1.2 Stealth
 + Level 8.2 Shields


You had 8 spell levels left.
You didn't know any spells.
Your spell library contained the following spells:

 Spells                   Type           Power        Failure   Level
 Corona                   Hex            #......      89%         1
 Ensorcelled Hibernation  Hex/Ice        #.....       96%         2
 Confusing Touch          Hex            #.......     99%         3
 Dazzling Flash           Conj/Hex       #.....       99%         3
 Gell's Gravitas          Tloc           #.........   99%         3
 Tukima's Dance           Hex            #.......     99%         3
 Petrify                  Tmut/Erth      #.......     100%        4
 Metabolic Englaciation   Hex/Ice        #.........   100%        5
 Yara's Violent Unravell  Hex/Tmut       #.........   100%        5


Dungeon Overview and Level Annotations

Branches:
Dungeon (8/15)             Temple (0/1) D:6
   Lair: D:8-11

Altars:
Cheibriados
Okawaru
Yredelemnul


Innate Abilities, Weirdness & Mutations

You are resistant to torment.
Your stone body is resilient. (AC +6)
You are immune to poison.
You resist negative energy. (rN+)
You are resistant to electric shocks. (rElec)
You can survive without breathing.
You are immune to petrification.
You are immune to rotting.


Message History

You hit the white ugly thing.
The white ugly thing is heavily wounded.
You block the white ugly thing's attack.
You hit the white ugly thing.
The white ugly thing is heavily wounded.
The white ugly thing tail-slaps you. The white ugly thing freezes you!!
Ouch! That really hurt!
* * * LOW HITPOINT WARNING * * *
You hit the white ugly thing.
Lightning courses through the white ugly thing!
The white ugly thing is severely wounded.
You hit the white ugly thing.
The white ugly thing is severely wounded.
You block the white ugly thing's attack.
You hit the white ugly thing but do no damage.
The white ugly thing is severely wounded.
The white ugly thing tail-slaps you.
* * * LOW HITPOINT WARNING * * *
The white ugly thing freezes you!!
You die...

#####
#..u#
#..@#
+...#
#...#
...8.#
......#
....$...+
#..?!!..#
+...(....


You could see a white ugly thing.

Vanquished Creatures
  Sigmund (D:6)
  Edmund (D:4)
  A sky beast (D:5)
  Duvessa (D:7)
  An ice beast (D:5)
  An orc warrior (D:7)
  A phantom (D:6)
  3 ogres
  Dowan (D:7)
  2 scorpions
  7 wights
  A bullfrog zombie (D:6)
  6 hounds
  8 orc priests
  Natasha (thrice) (D:3)
  6 orc wizards
  6 worker ants
  2 killer bee zombies
  A hound skeleton (D:3)
  A worker ant zombie (D:6)
  Robin (D:3)
  9 adders
  11 gnolls
  A shadow imp (D:2)
  2 white imps (D:7)
  An ufetubus (D:6)
  An adder skeleton (D:5)
  5 worms
  4 dart slugs
  3 leopard geckos
  24 orcs
  A ball python (D:1)
  2 giant cockroaches (D:4)
  16 goblins
  14 hobgoblins
  5 jackals
  3 quokkas (D:7)
  5 bats
  6 frilled lizards
  9 kobolds
  A leopard gecko zombie (D:7)
  6 rats
184 creatures vanquished.

Vanquished Creatures (others)
  An orc (D:6)
1 creature vanquished.

Grand Total: 185 creatures vanquished

Notes
Turn   | Place    | Note
-------+----------+-------------------------------------------
     0 | D:1      | mhtbhm the Gargoyle Fighter began the quest for the Orb.
     0 | D:1      | Reached XP level 1. HP: 14/14 MP: 1/1
    42 | D:1      | Reached XP level 2. HP: 18/19 MP: 2/2
   391 | D:1      | Reached XP level 3. HP: 24/24 MP: 3/3
   651 | D:2      | Found an iron altar of Okawaru.
   685 | D:2      | Became a worshipper of Warmaster Okawaru
   763 | D:2      | Reached XP level 4. HP: 27/29 MP: 4/4
  1387 | D:2      | Reached XP level 5. HP: 33/33 MP: 5/5
  1514 | D:3      | Found a snail-covered altar of Cheibriados.
  1543 | D:3      | Noticed Robin
  1560 | D:3      | Killed Robin
  1734 | D:3      | Noticed Natasha
  1741 | D:3      | Killed Natasha
  1742 | D:3      | Reached skill level 1 in Dodging
  1992 | D:3      | Noticed Natasha
  1999 | D:3      | Killed Natasha
  2000 | D:3      | Reached XP level 6. HP: 36/38 MP: 6/6
  2009 | D:3      | Noticed Natasha
  2019 | D:3      | Killed Natasha
  2019 | D:3      | Reached * piety under Okawaru
  2020 | D:3      | Reached skill level 4 in Shields
  2799 | D:4      | Noticed Edmund
  2851 | D:4      | Killed Edmund
  2852 | D:4      | Reached skill level 5 in Armour
  2852 | D:4      | Reached XP level 7. HP: 27/44 MP: 7/7
  3313 | D:5      | Entered Level 5 of the Dungeon
  3399 | D:5      | Reached skill level 5 in Maces & Flails
  3399 | D:5      | Reached skill level 5 in Shields
  3449 | D:5      | Reached ** piety under Okawaru
  3707 | D:5      | Reached XP level 8. HP: 48/48 MP: 8/8
  3915 | D:5      | Reached skill level 1 in Stealth
  3915 | D:5      | Reached skill level 6 in Shields
  4345 | D:6      | Reached skill level 5 in Fighting
  4499 | D:6      | Got a jewelled scale mail
  4505 | D:6      | Identified the +5 scale mail of Grim Divine Compulsion
                  | {Rampage} (You found it on level 6 of the Dungeon)
  4564 | D:6      | Found a staircase to the Ecumenical Temple.
  4792 | D:6      | Reached skill level 7 in Shields
  4902 | D:6      | Reached XP level 9. HP: 54/54 MP: 9/9
  5144 | D:6      | Noticed Sigmund
  5158 | D:6      | Killed Sigmund
  5158 | D:6      | Reached *** piety under Okawaru
  5524 | D:7      | Noticed Duvessa
  5527 | D:7      | Noticed Dowan
  5546 | D:7      | Killed Duvessa
  5555 | D:7      | Killed Dowan
  6063 | D:7      | Reached skill level 8 in Shields
  6141 | D:7      | Found a basalt altar of Yredelemnul.
  6679 | D:8      | Noticed a white ugly thing
  6691 | D:8      | Mangled by a white ugly thing

Illustrated notes

Levels and vault maps discovered:
D:1:      lightli_arrival_statue_moat, layout_basic
D:2:      layout_basic, old_standard_altar, serial_glass, glass_columns_a,
          glass_columns_b, minivault_14
D:3:      layout_loops_corners, kennysheep_slug_shrine, uniq_natasha, uniq_robin
D:4:      layout_loops_ring, uniq_edmund
D:5:      layout_basic, lightli_corner_chamber
D:6:      layout_loops_cross, minmay_temple_entry_butterflies,
          serial_co_window_serial, co_window_corner_a, co_window_paths_a,
          co_window_corner_a, co_window_of_opportunity_a, co_window_paths_a,
          co_window_cross_1, co_window_cross_3, co_window_of_opportunity_b,
          co_window_2corner, co_window_2corner, co_window_broadway_a,
          co_window_broadway_c, co_window_corner_cb, glass_columns_b,
          glass_columns_a, glass_columns_a, glass_columns_a, uniq_sigmund
D:7:      layout_gridville, basic_altar, item_on_display_a, uniq_duvessa
D:8:      kennysheep_blocky_room, layout_rooms,
          chequers_temple_overflow_statue_of_worship,
          ebering_ghost_disaster_area

Skill      XL: |  1  2  3  4  5  6  7  8  9 |
---------------+----------------------------+-----
Maces & Flails | 3 4 5 6 7 |  7.1
Fighting       | 4 5 |  5.4
Armour         | 4 5 6 7 |  7.2
Dodging        | 1 2 3 |  3.2
Shields        | 4 5 7 8 |  8.2
Stealth        | 1 |  1.2
Throwing       | |  0.5

Action                   |  1- 3 |  4- 6 |  7- 9 || total
-------------------------+-------+-------+-------++-------
Melee: Flail             |    87 |   118 |       ||   205
       Whip              |       |   139 |   373 ||   512
Throw: Dart              |       |       |     4 ||     4
Invok: Heroism           |       |       |     1 ||     1
  Use: Potion            |       |     1 |     5 ||     6
       Scroll            |       |       |    13 ||    13
Armor: Scale mail        |    58 |   118 |    67 ||   243
Dodge: Dodged            |    28 |    88 |    62 ||   178
Block: Kite shield       |    45 |   138 |   274 ||   457
       Reflection        |       |       |     9 ||     9

Table legend: (Time is in decaauts)
 A = Elapsed time spent in this place.
 B = Non-inter-level travel time spent in this place.
 C = Inter-level travel time spent in this place.
 D = Time resting spent in this place.
 E = Time spent auto-exploring this place.
 F = Levels seen in this place.
 G = Mean time per level.
                   A        B        C        D        E       F      G
               +--------+--------+--------+--------+--------+-----+--------+
         Total |   6701 |   6423 |    278 |    275 |   4616 |   8 |  837.6 |
       Dungeon |   6701 |   6423 |    278 |    275 |   4616 |   8 |  837.6 |
               +--------+--------+--------+--------+--------+-----+--------+

Top non-repeatable levels by time:
     D:6: 1369 daAuts
     D:7: 1228 daAuts
     D:3: 1118 daAuts
     D:2: 942 daAuts
     D:4: 711 daAuts
     D:5: 710 daAuts
     D:1: 610 daAuts
     D:8: 9 daAuts
